 Dungeon Crawl Stone Soup version 0.28.0-47-ge53b351184 (webtiles) character file.

Game seed: 14194505852585932117

21 Exodus22XD the Skirmisher (level 2, 27/27 HPs)
             Began as a Minotaur Fighter on May 8, 2022.
             Was a Follower of Dithmenos.
             Quit the game on level 1 of the Dungeon.
             The game lasted 00:00:33 (685 turns).

Exodus22XD the Skirmisher (Minotaur Fighter)         Turns: 685, Time: 00:00:34

Health: 27/27      AC:  7    Str: 20    XL:     2   Next: 65%
Magic:  1/1        EV:  9    Int:  5    God:    Dithmenos [*.....]
Gold:   19         SH:  4    Dex:  9    Spells: 1/1 levels left

rFire   . . .      SeeInvis .   a - +0 war axe
rCold   . . .      Faith    .   c - +0 buckler
rNeg    . . .      Spirit   .   b - +0 scale mail
rPois   .          Reflect  .   (helmet restricted)
rElec   .          Harm     .   (no cloak)
rCorr   .          Rampage  .   (no gloves)
Will    .....                   (no boots)
Stlth   ..........              (no amulet)
HPRegen 0.09/turn               (no ring)
MPRegen 0.07/turn               (no ring)

@: wreathed by umbra
A: horns 2, retaliatory headbutt
a: Renounce Religion


You were on level 1 of the Dungeon.
You worshipped Dithmenos.
Dithmenos was aware of your devotion.
You visited 1 branch of the dungeon, and saw 1 of its levels.

You collected 19 gold pieces.

Inventory:

Hand Weapons
 a - a +0 war axe (weapon)
Armour
 b - a +0 scale mail (worn)
 c - a +0 buckler (worn)
Jewellery
 i - a ring of fire
Scrolls
 e - 3 scrolls of identify {unknown}
 f - a scroll of brand weapon {unknown}
 g - a scroll of teleportation {unknown}
Potions
 d - a potion of might
 h - a potion of ambrosia {unknown}


   Skills:
 + Level 4.0 Fighting
 + Level 2.7 Axes
 + Level 4.0 Armour
 + Level 4.0 Shields


You had one spell level left.
You didn't know any spells.
Your spell library was empty.

Dungeon Overview and Level Annotations

Branches:
Dungeon (1/15)

Altars:
Dithmenos


Innate Abilities, Weirdness & Mutations

You have a pair of horns on your head.
You reflexively headbutt those who attack you in melee.


Message History

You closely miss the goblin. Your headbutt misses the goblin.
The goblin hits you but does no damage. x2
A goblin is nearby!
You closely miss the goblin. Your headbutt misses the goblin.
The goblin hits you with a +0 dagger.
You barely miss the goblin. You block the goblin's attack.
A goblin is nearby!
You closely miss the goblin. You headbutt the goblin.
You kill the goblin!
Things that are here:
a +0 dagger; a goblin corpse No target in view!
No target in view!
Found a faded altar of an unknown god.
No target in view!
A ball python comes into view.
The ball python hisses angrily.
A ball python is nearby!
You hit the ball python. You headbutt the ball python.
You kill the ball python!
Your Shields skill increases to level 4!
No target in view!
No target in view!
You see here a rat skeleton.
A bat comes into view.
The bat hits you but does no damage. x2
You hit the bat.
The bat is moderately wounded.
The bat hits you but does no damage.
You hit the bat.
You kill the bat!
Your Armour skill increases to level 4!
No target in view!
There is a stone staircase leading down here.
There is a faded altar of an unknown god here.
You cannot tell which god this altar belongs to.
Convert to them anyway?
Dithmenos accepts your prayer! Dithmenos welcomes you!
You are shrouded in an aura of darkness!
Are you sure you want to abandon this character and quit the game? (Confirm with "yes".)

#.# #.#####....#.......# #####(#
#.###.##...........###.####.....#
#...............................#
#####.##.[.......##########.#####
#.#####......# #.# #.# #...##.#
#.# #####.# #[..##.# #.# ......#
#.####.# #.# ####..# #.# #@# #.#
####..#####.####.# #.#
..............##.# #.#
#........##.####.## #.#
#.....##..........# #.#
#)...#.#.########.#########.#
##.##.##.# #...........#
#.##.#..# ############# #..#.#..#


There were no monsters in sight!

Vanquished Creatures
  A dart slug (D:1)
  A ball python (D:1)
  2 endoplasms (D:1)
  2 goblins (D:1)
  A hobgoblin (D:1)
  A quokka (D:1)
  3 bats (D:1)
  A frilled lizard (D:1)
  2 kobolds (D:1)
  5 rats (D:1)
19 creatures vanquished.

Vanquished Creatures (others)
  2 plants (D:1)
2 creatures vanquished.

Grand Total: 21 creatures vanquished

Notes
Turn   | Place    | Note
-------+----------+-------------------------------------------
     0 | D:1      | Exodus22XD the Minotaur Fighter began the quest for the
                  | Orb.
     0 | D:1      | Reached XP level 1. HP: 19/19 MP: 0/0
   178 | D:1      | Reached XP level 2. HP: 27/27 MP: 1/1
   486 | D:1      | Found a faded altar of an unknown god.
   684 | D:1      | Prayed at the altar of an unknown god.
   684 | D:1      | Became a worshipper of Dithmenos the Shadowed
   684 | D:1      | Reached * piety under Dithmenos
   685 | D:1      | Quit the game

Illustrated notes

Levels and vault maps discovered:
D:1:      minmay_arrival_plants_in_alcoves, layout_loops_ring,
          ebering_ecumenical_altar_hall, minmay_misc_feat_diagonals,
          minmay_misc_feat_square, serial_bayou_pond_b, minmay_bisected

Skill      XL: |  1  2 |
---------------+-------+-----
Fighting       | 4 |  4.0
Shields        | 4 |  4.0
Armour         | 4 |  4.0
Axes           | |  2.7

Action                   || total
-------------------------++-------
Melee: War axe           ||    43
       Headbutt          ||     6
Armor: Scale mail        ||    17
Dodge: Dodged            ||    16
Block: Buckler           ||     7
